 Dungeon Crawl Stone Soup version 0.30-a0-585-g93115170b9 (webtiles) character file.

Game seed: 18391350549250469677

3042 bmack86 the Cleaver (level 9, -1/79 HPs)
             Began as a Minotaur Fighter on Jan 2, 2023.
             Was a Follower of Okawaru.
             Slain by a gnoll sergeant
             ... wielding a +0 glaive
              (3 damage)
             ... in a bailey.
             The game lasted 00:18:10 (6597 turns).

bmack86 the Cleaver (Minotaur Fighter)              Turns: 6597, Time: 00:18:10

Health: -1/79      AC: 20    Str: 25    XL:     9   Next: 56%
Magic:  8/9        EV:  9    Int:  5    God:    Okawaru [*.....]
Gold:   296        SH:  7    Dex: 16    Spells: 8/8 levels left

rFire   . . .      SeeInvis .    a - +1 war axe
rCold   . . .      Faith    .    c - +0 buckler
rNeg    + . .      Spirit   .    e - +0 plate armour
rPois   +          Reflect  .    (helmet restricted)
rElec   .          Harm     .    (no cloak)
rCorr   .          Rampage  .    n - +1 pair of gloves
Will    .....      NoCast   +    h - +1 pair of boots of the Snake Pit {-Cast +Blink rPois} Stlth
                                 y - amulet of the acrobat
HPRegen 0.33/turn                j - +6 ring of dexterity
MPRegen 0.11/turn                k - ring of positive energy

@: heroic, weakened
A: horns 2, retaliatory headbutt
a: Renounce Religion, Evoke Blink, Heroism


You were in a bailey.
You worshipped Okawaru.
Okawaru was aware of your devotion.
You visited 2 branches of the dungeon, and saw 8 of its levels.
You also visited: Bailey.

You collected 296 gold pieces.

Inventory:

Hand Weapons
 a - a +1 war axe (weapon)
Missiles
 v - 3 throwing nets (quivered)
Armour
 c - a +0 buckler (worn)
 e - a +0 plate armour (worn)
 h - the +1 pair of boots of the Snake Pit (worn) {-Cast +Blink rPois}
   (You acquired it on level 2 of the Dungeon)

   rPois:     It protects you from poison.
   +Blink:    It lets you blink.
   -Cast:     It prevents spellcasting.
 n - a +1 pair of gloves (worn)
Jewellery
 j - a +6 ring of dexterity (left hand)
 k - a ring of positive energy (right hand)
 y - an amulet of the acrobat (around neck)
 B - a ring of flight
Wands
 t - a wand of flame (19)
 u - a wand of mindburst (9)
Scrolls
 f - 3 scrolls of teleportation
 o - a scroll of enchant weapon
 p - 6 scrolls of immolation
 r - a scroll of poison
 w - a scroll of blinking
 C - a scroll of fear {unknown}
Potions
 b - 3 potions of curing
 d - a potion of lignification
 g - a potion of invisibility
 i - 3 potions of haste
 l - a potion of berserk rage
 m - 4 potions of brilliance
 q - a potion of mutation
 s - 2 potions of flight
 x - a potion of attraction
 z - a potion of resistance
 A - a potion of might


   Skills:
 + Level 7.3(12.3) Fighting
 * Level 9.2(14.2) Axes
 + Level 3.2(8.2) Throwing
 + Level 7.3(12.3) Armour
 + Level 7.2(12.2) Shields
 + Level 2.0 Invocations
 + Level 4.2 Evocations


You had 8 spell levels left.
You didn't know any spells.
Your spell library contained the following spells:

 Spells                   Type           Power      Damage    Failure   Level
 Eringya's Noxious Bog    Tmut/Pois      0%         N/A       100%        6
 Summon Forest            Summ/Tloc      Unusable   N/A       N/A         5
 Summon Hydra             Summ           Unusable   N/A       N/A         7

Dungeon Overview and Level Annotations

Branches:
Dungeon (7/15)             Temple (1/1) D:5          Bailey (1/1)

Altars:
Ashenzari
Cheibriados
Dithmenos
Elyvilon
Fedhas
Gozag
Hepliaklqana
Makhleb
Nemelex Xobeh
Okawaru
Qazlal
Ru
Sif Muna
Trog
Vehumet
Wu Jian
Xom
Zin
The Shining One

Shops:
D:2 =


Innate Abilities, Weirdness & Mutations

You have a pair of horns on your head.
You reflexively headbutt those who attack you in melee.


Message History

You kill the wolf!
Okawaru accepts your kill. You block the wolf's attack.
The gnoll sergeant hits you but does no damage.
The gnoll sergeant barely misses you. The wolf bites you.
* * * LOW HITPOINT WARNING * * *
The gnoll bouda hits you from afar with a +0 spear.
* * * LOW HITPOINT WARNING * * *
You slash the wolf!
You kill the wolf!
Okawaru accepts your kill.
The gnoll sergeant hits you but does no damage.
The gnoll sergeant closely misses you.
Your Invocations skill increases to level 2!
The gnoll bouda hits you but does no damage.
The gnoll sergeant completely misses you.
You furiously retaliate!
You headbutt the gnoll sergeant.
The gnoll bouda gazes fiercely through you!
You feel as though you will be weak longer.
The gnoll bouda closely misses you. The gnoll sergeant misses you.
You see here a wolf corpse.
The gnoll bouda closely misses you.
The gnoll sergeant completely misses you.
You furiously retaliate!
You headbutt the gnoll sergeant. The gnoll bouda completely misses you.
You furiously retaliate!
You headbutt the gnoll bouda.
The gnoll sergeant completely misses you.
The gnoll sergeant is no longer moving quickly.
The gnoll sergeant hits you with a +0 glaive.
* * * LOW HITPOINT WARNING * * *
The gnoll bouda gazes fiercely through you!
You feel as though you will be weak longer.
The gnoll bouda barely misses you. You block the gnoll sergeant's attack.
The gnoll bouda misses you. You furiously retaliate!
You headbutt the gnoll bouda! The gnoll sergeant misses you.
You barely miss the gnoll bouda. You hit the gnoll sergeant.
You hit the gnoll sergeant but do no damage.
You closely miss the gnoll bouda. You barely miss the gnoll sergeant.
The gnoll sergeant hits you with a +0 glaive.
You die...

♣≈≈...............≈≈♣
♣≈.................≈♣
♣≈.######'''######.≈♣
♣≈.# #...# #.≈♣ ♣≈##
#...#+#####≈♣ ♣≈
#...#.....#≈♣ ♣≈
##'##....8#≈♣ ♣≈
##)))##.gg.#≈♣ ♣≈
##..)..##.@g#≈♣ ♣≈
#.......#gg.# ♣≈
#...8...#'###
#.......#...#
##.....##...#
##...##....#
##'##....8#
#)).#.....#
+...)....##


You could see 3 gnoll sergeants and 2 gnoll boudas.

Vanquished Creatures
  Grinder (D:6)
  Eustachio (D:6)
  A steam dragon (D:6)
  A water moccasin (D:7)
  3 orc warriors
  An ice beast (D:6)
  3 wolves (Bailey)
  An ogre (D:6)
  A centaur (D:7)
  2 phantoms (D:6)
  A bullfrog (D:7)
  A necrophage (Temple)
  2 gnoll sergeants (Bailey)
  3 scorpions
  A vampire bat (D:4)
  4 orc priests
  7 hounds
  A gnoll bouda (D:4)
  A jelly (D:6)
  Jessica (D:3)
  7 iguanas
  4 orc wizards
  10 adders
  16 gnolls
  3 ufetubi
  2 worms
  28 orcs
  6 ball pythons
  9 endoplasms
  11 goblins
  5 hobgoblins
  6 kobolds
  5 quokkas
  11 bats
  7 frilled lizards
  9 rats
176 creatures vanquished.

Notes
Turn   | Place    | Note
-------+----------+-------------------------------------------
     0 | D:1      | bmack86 the Minotaur Fighter began the quest for the Orb.
     0 | D:1      | Reached XP level 1. HP: 19/19 MP: 0/0
    84 | D:1      | Reached XP level 2. HP: 27/27 MP: 1/1
   141 | D:1      | Reached skill level 3 in Axes
   730 | D:2      | Reached XP level 3. HP: 33/33 MP: 2/2
  1136 | D:2      | Found Koicylule's Jewellery Emporium.
  1350 | D:2      | Identified a scroll of acquirement
  1350 | D:2      | Acquired the +1 pair of boots of the Snake Pit {-Cast
                  | +Blink rPois}
  1479 | D:3      | Reached XP level 4. HP: 40/40 MP: 3/3
  1529 | D:3      | Reached skill level 4 in Axes
  1711 | D:3      | Reached XP level 5. HP: 40/47 MP: 4/4
  1948 | D:3      | Found a shimmering blue altar of Sif Muna.
  1948 | D:3      | Found a sparkling altar of Nemelex Xobeh.
  1948 | D:3      | Found an ornate altar of the Wu Jian Council.
  1953 | D:3      | Found a snail-covered altar of Cheibriados.
  1957 | D:3      | Found a broken altar of Ashenzari.
  1961 | D:3      | Found a white marble altar of Elyvilon.
  1962 | D:3      | Found a sacrificial altar of Ru.
  1962 | D:3      | Noticed Jessica
  1965 | D:3      | Found a stormy altar of Qazlal.
  1971 | D:3      | Killed Jessica
  1972 | D:3      | Found a shadowy altar of Dithmenos.
  1974 | D:3      | Found an opulent altar of Gozag.
  2273 | D:4      | Reached skill level 1 in Evocations
  2542 | D:4      | Reached skill level 5 in Axes
  2542 | D:4      | Reached XP level 6. HP: 55/55 MP: 5/5
  2640 | D:4      | Reached skill level 5 in Fighting
  3240 | D:4      | Reached skill level 5 in Armour
  3379 | D:4      | Reached skill level 5 in Shields
  3552 | D:5      | Entered Level 5 of the Dungeon
  3553 | D:5      | Found a staircase to the Ecumenical Temple.
  3697 | D:5      | Reached XP level 7. HP: 60/61 MP: 6/6
  3883 | D:5      | Reached skill level 6 in Axes
  4080 | D:6      | Noticed Eustachio
  4100 | D:6      | Killed Eustachio
  4154 | D:6      | Noticed a steam dragon
  4160 | D:6      | Killed a steam dragon
  4161 | D:6      | Reached XP level 8. HP: 63/70 MP: 7/7
  4188 | D:6      | Reached skill level 7 in Axes
  4322 | Temple   | Entered the Ecumenical Temple
  4420 | Temple   | Became a worshipper of Warmaster Okawaru
  4810 | D:5      | Reached skill level 1 in Throwing
  5123 | D:6      | Reached skill level 8 in Axes
  5390 | D:6      | Noticed Grinder
  5391 | D:6      | Paralysed by Grinder for 3 turns
  5407 | D:6      | Paralysed by Grinder for 3 turns
  5418 | D:6      | Killed Grinder
  5418 | D:6      | Reached * piety under Okawaru
  5419 | D:6      | Reached XP level 9. HP: 9/78 MP: 8/8
  5643 | D:6      | Found a radiant altar of Vehumet.
  5646 | D:6      | Found a glowing silver altar of Zin.
  5649 | D:6      | Found a glowing golden altar of the Shining One.
  5902 | D:7      | Reached skill level 1 in Invocations
  6365 | D:7      | Found a flagged portal.
  6383 | Bailey   | Entered a bailey
  6450 | Bailey   | Reached skill level 9 in Axes
  6596 | Bailey   | HP: 2/79 [gnoll sergeant/+0 glaive (5)]
  6597 | Bailey   | Slain by a gnoll sergeant

Illustrated notes

Levels and vault maps discovered:
D:1:      erik_arrival_orb_chamber, layout_basic
D:2:      layout_loops_ring, serial_shops, nicolae_shop_behind_doors,
          minmay_tromino_i2
D:3:      layout_loops_ring, nicolae_overflow_hallway_of_the_gods,
          minmay_ruptured, uniq_jessica
D:4:      layout_basic, roderic_batcave, uniq_natasha
D:5:      layout_loops_corners, minmay_temple_entry_from_below_b,
          kennysheep_big_empty_room
D:6:      layout_cave_pools, grunt_temple_overflow_diamond, uniq_eustachio,
          uniq_grinder
D:7:      layout_basic, enter_bailey_5
Temple:   hellmonk_temple_forest_ring
Bailey:   bailey_polearm_gnolls_kennysheep, bailey

Skill      XL: |  1  2  3  4  5  6  7  8  9 |
---------------+----------------------------+-----
Axes           | 3 4 5 6 8 9 |  9.2
Fighting       | 4 5 6 7 |  7.3
Shields        | 4 5 6 7 |  7.2
Armour         | 4 5 6 7 |  7.3
Evocations     | 1 2 3 4 |  4.2
Throwing       | 2 3 |  3.2
Invocations    | 2 |  2.0

Action                   |  1- 3 |  4- 6 |  7- 9 || total
-------------------------+-------+-------+-------++-------
Melee: War axe           |    79 |   102 |   221 ||   402
       Headbutt          |    13 |    16 |    38 ||    67
Invok: Heroism           |       |       |     3 ||     3
  Use: Scroll            |     7 |    12 |     2 ||    21
       Potion            |       |       |     1 ||     1
Armor: Plate armour      |    46 |    99 |   178 ||   323
Dodge: Dodged            |    24 |    51 |   131 ||   206
Block: Buckler           |    16 |    45 |   107 ||   168

Table legend: (Time is in decaauts)
 A = Elapsed time spent in this place.
 B = Non-inter-level travel time spent in this place.
 C = Inter-level travel time spent in this place.
 D = Time resting spent in this place.
 E = Time spent auto-exploring this place.
 F = Levels seen in this place.
 G = Mean time per level.
                   A        B        C        D        E       F      G
               +--------+--------+--------+--------+--------+-----+--------+
         Total |   6683 |   6483 |    200 |    484 |   3317 |   9 |  742.6 |
       Dungeon |   6358 |   6172 |    186 |    411 |   3249 |   7 |  908.3 |
        Temple |    114 |    100 |     14 |      0 |     68 |   1 |  114.0 |
        Bailey |    211 |    211 |      0 |     73 |      0 |   1 |  211.0 |
               +--------+--------+--------+--------+--------+-----+--------+

Top non-repeatable levels by time:
     D:4: 1410 daAuts
     D:5: 1127 daAuts
     D:6: 966 daAuts
     D:2: 820 daAuts
     D:3: 764 daAuts
     D:7: 655 daAuts
     D:1: 612 daAuts
  Bailey: 211 daAuts
  Temple: 114 daAuts
